[Event "Titled Tuesday Blitz August 08 Late 2023"]
[White "Tari, Aryan"]
[Black "Sun, Rick"]
[WhiteFideId "1510045"]
[BlackFideId "30909481"]
[WhiteElo "2920"]
[BlackElo "2583"]
[Result "1-0"]
[Round "2"]
[TimeControl "180+1"]
[Date "2023.08.08"]
[WhiteClock "0:00:24"]
[BlackClock "0:00:00"]
[Board "19"]

1. d4 d6 2. Nf3 Nf6 3. g3 g6 4. Bg2 Bg7 5. O-O O-O 6. Re1 Nbd7 7. e4 e5 8. Nc3 Re8 9. a4 a5 10. h3 h6 11. dxe5 dxe5 12. Be3 c6 13. Nd2 Nf8 14. Nc4 Be6 15. Nb6 Rb8 16. Bf1 Qc7 17. Nc4 Red8 18. Bb6 Rxd1 19. Bxc7 Rxa1 20. Rxa1 Ra8 21. Bxe5 N8d7 22. Bd4 g5 23. Re1 Bf8 24. e5 Nd5 25. Nxd5 Bxd5 26. Ne3 Be6 27. g4 Bg7 28. Nf5 Re8 29. Nxg7 Kxg7 30. Kh2 Kg8 31. Kg3 Bd5 32. Re3 Nf8 33. Bb6 Ra8 34. Bd3 Be6 35. f4 gxf4+ 36. Kxf4 Kg7 37. Bf5 Bd5 38. b3 Ne6+ 39. Kg3 Ng5 40. Bd4 Be6 41. h4 Nh7 42. Bb6 Nf8 43. Rd3 Bxf5 44. gxf5 Re8 45. Kf4 Kh7 46. Bxa5 h5 47. Bb4 Kg7 48. a5 Re7 49. Bxe7 1-0


[Site "https://www.chess.com"]

[Event "Titled Tuesday Blitz August 08 Late 2023"]
[White "Attacker_2006"]
[Black "Fressinet, Laurent"]
[BlackFideId "608742"]
[WhiteElo "2581"]
[BlackElo "2913"]
[Result "0-1"]
[Round "2"]
[TimeControl "180+1"]
[Date "2023.08.08"]
[WhiteClock "0:00:25"]
[BlackClock "0:01:01"]
[Board "20"]

1. d4 Nf6 2. Bg5 c5 3. d5 d6 4. Nc3 Qb6 5. Rb1 g6 6. Bxf6 exf6 7. Nf3 Bg7 8. e4 O-O 9. Bd3 Bg4 10. O-O Nd7 11. h3 Bxf3 12. Qxf3 Ne5 13. Qe2 Rac8 14. Bc4 Qb4 15. Bb3 c4 16. a3 Qc5 17. Ba2 Rfe8 18. Kh1 a6 19. f4 Nd7 20. Qf3 b5 21. Rfe1 Re7 22. Re2 Rce8 23. Rbe1 f5 24. exf5 Rxe2 25. Rxe2 Rxe2 26. Qxe2 Bxc3 27. bxc3 Qxa3 28. fxg6 hxg6 29. f5 Qc1+ 30. Kh2 Qf4+ 31. g3 Qxf5 32. Qe8+ Kg7 33. h4 Ne5 34. Qb8 Qf2+ 35. Kh3 Qf1+ 36. Kh2 Ng4# 0-1


[Site "https://www.chess.com"]

[Event "Titled Tuesday Blitz August 08 Late 2023"]
[White "Terry, Renato"]
[Black "Ismagilov, Damir"]
[WhiteFideId "3803457"]
[BlackFideId "34199982"]
[WhiteElo "2911"]
[BlackElo "2576"]
[Result "1-0"]
[Round "2"]
[TimeControl "180+1"]
[Date "2023.08.08"]
[WhiteClock "0:00:25"]
[BlackClock "0:00:00"]
[Board "21"]

1. e4 c5 2. Nf3 Nf6 3. Qe2 d5 4. e5 Ng4 5. h3 Nh6 6. g4 Nc6 7. Bg2 g6 8. c3 d4 9. d3 Bg7 10. Bf4 Be6 11. O-O Qd7 12. cxd4 cxd4 13. Na3 Bd5 14. Rfe1 O-O 15. Nc4 b5 16. Ncd2 Rac8 17. a3 Kh8 18. Ne4 f5 19. Nc5 Qd8 20. g5 Nf7 21. e6 Nd6 22. Nd7 Re8 23. Rac1 Rc7 24. h4 Bxf3 25. Bxf3 Nb8 26. Nc5 Qc8 27. b4 a5 28. h5 axb4 29. axb4 Nc6 30. h6 Bf8 31. Qb2 Kg8 32. Kg2 Nb7 33. Bxc7 Qxc7 34. Nxb7 Qxb7 35. Bxc6 Qc7 36. Bxe8 Qf4 37. Kf1 Qh4 38. Bf7+ Kh8 39. Re4 Qh3+ 40. Ke2 Qh5+ 41. Ke1 Qh1+ 42. Kd2 1-0


[Site "https://www.chess.com"]

[Event "Titled Tuesday Blitz August 08 Late 2023"]
[White "Deng, Henry"]
[Black "Elsa167"]
[WhiteFideId "30965454"]
[WhiteElo "2574"]
[BlackElo "2909"]
[Result "1/2-1/2"]
[Round "2"]
[TimeControl "180+1"]
[Date "2023.08.08"]
[WhiteClock "0:01:00"]
[BlackClock "0:00:13"]
[Board "22"]

1. e4 e6 2. d4 d5 3. Nd2 c5 4. Ngf3 cxd4 5. Nxd4 Nf6 6. exd5 Nxd5 7. N2f3 Bb4+ 8. Bd2 O-O 9. Bxb4 Nxb4 10. c3 N4c6 11. Be2 b6 12. O-O Bb7 13. Qc2 Nxd4 14. Nxd4 Nc6 15. Rad1 Qg5 16. Nf3 Qe7 17. Bd3 g6 18. Be4 Rfd8 19. Rxd8+ Rxd8 20. Rd1 Rd6 21. Rxd6 Qxd6 22. Qd2 Qxd2 23. Nxd2 Kf8 24. f4 Ke7 25. Kf2 Nd8 26. Bxb7 Nxb7 27. Ke3 f6 28. g4 Nd6 29. h3 h5 30. b3 hxg4 31. hxg4 Nf7 32. Nf3 Kd6 33. Nd4 a6 34. Ke4 e5 35. Nf3 exf4 36. Kxf4 a5 37. a4 Nd8 38. Nd4 Nb7 39. Nb5+ Ke7 40. b4 Nd8 41. bxa5 bxa5 42. Ke4 Ke6 43. Na3 Nb7 44. Nc4 Nd6+ 45. Nxd6 Kxd6 46. Kd4 Kc6 47. Kc4 f5 48. gxf5 gxf5 49. Kd4 Kd6 50. c4 Kc6 51. Ke5 Kc5 52. Kxf5 Kxc4 53. Ke4 Kb3 54. Kd3 Kxa4 55. Kc2 Ka3 56. Kb1 a4 57. Ka1 Kb3 58. Kb1 a3 59. Ka1 a2 1/2-1/2


[Site "https://www.chess.com"]

[Event "Titled Tuesday Blitz August 08 Late 2023"]
[White "Kovalev, Vladislav"]
[Black "Musovic, Armin"]
[WhiteFideId "13504398"]
[BlackFideId "939935"]
[WhiteElo "2905"]
[BlackElo "2573"]
[Result "1-0"]
[Round "2"]
[TimeControl "180+1"]
[Date "2023.08.08"]
[WhiteClock "0:00:12"]
[BlackClock "0:00:19"]
[Board "23"]

1. e4 c6 2. Nf3 d5 3. d3 dxe4 4. dxe4 Qxd1+ 5. Kxd1 Bg4 6. Be2 g6 7. Ne1 h5 8. f3 Bc8 9. c3 b6 10. a4 h4 11. Nd2 Nf6 12. Nc4 Nh5 13. Bg5 h3 14. g4 Ng7 15. Be3 Ne6 16. g5 f6 17. gxf6 exf6 18. Kc2 Nd7 19. b4 Ne5 20. Nxe5 fxe5 21. Rg1 Bh6 22. Bxh6 Rxh6 23. Nd3 Nf4 24. Nxf4 exf4 25. Rad1 Ke7 26. Bc4 a6 27. Rg5 b5 28. Ba2 Bd7 29. Re5+ Kd8 30. Re6 bxa4 31. Rxc6 Ke7 32. Rc7 Rd8 33. Bc4 g5 34. Ra7 Ke8 35. Rd5 Bb5 36. Re5+ Kf8 37. Rf7+ Kg8 38. Rd7+ Bxc4 39. Rxd8+ Kf7 40. Rxg5 Ke7 41. Rd4 Bf1 42. e5 Bg2 43. Rxf4 Ke6 44. Rf6+ Rxf6 45. exf6 Kxf6 46. f4 Be4+ 47. Kb2 Bf3 48. c4 Be2 49. c5 Bb5 50. Ka3 Bd7 51. Rh5 Kg6 52. Rd5 Bb5 53. c6 Kf6 54. c7 1-0


[Site "https://www.chess.com"]

[Event "Titled Tuesday Blitz August 08 Late 2023"]
[White "Krishnan, Varun"]
[Black "Grigoriants, Sergey"]
[WhiteFideId "5054508"]
[BlackFideId "4130804"]
[WhiteElo "2572"]
[BlackElo "2901"]
[Result "0-1"]
[Round "2"]
[TimeControl "180+1"]
[Date "2023.08.08"]
[WhiteClock "0:00:00"]
[BlackClock "0:00:08"]
[Board "24"]

1. e4 c5 2. Nf3 Nc6 3. d4 cxd4 4. Nxd4 Nf6 5. Nc3 e5 6. Ndb5 d6 7. Bg5 a6 8. Na3 b5 9. Bxf6 gxf6 10. Nd5 Bg7 11. c3 Ne7 12. Nxe7 Qxe7 13. Bd3 f5 14. O-O f4 15. Qh5 O-O 16. Nc2 Be6 17. Nb4 Qd7 18. h3 Kh8 19. Rad1 a5 20. Nd5 Bxd5 21. exd5 f5 22. f3 b4 23. c4 Rf6 24. Rfe1 Qa7+ 25. Kh1 Raf8 26. Re2 R8f7 27. Qh4 Bf8 28. Qf2 Qxf2 29. Rxf2 Rc7 30. Re2 Kg7 31. Kg1 Rff7 32. Rc1 Rc5 33. Kf2 Be7 34. Ree1 Bh4+ 35. Ke2 Bxe1 36. Kxe1 Kf6 37. Kd2 a4 38. Kc2 Rg7 39. Rg1 Rgc7 40. h4 Rxd5 41. g3 fxg3 42. Rxg3 Rd4 43. Rg8 Rcxc4+ 44. Bxc4 Rxc4+ 45. Kd3 Rd4+ 46. Ke2 Rxh4 47. Ke3 Rh2 48. Rf8+ Ke6 49. Re8+ Kd5 50. Ra8 Rxb2 51. Rxa4 h5 52. f4 e4 53. a3 Rb3+ 54. Ke2 bxa3 55. Ra5+ Ke6 56. Ra8 h4 57. Kf2 h3 58. Kg1 Rf3 59. Kh2 Kd5 60. Ra5+ Kc4 61. Ra4+ Kb3 62. Rd4 a2 63. Rxd6 Rf2+ 64. Kg3 Rg2+ 65. Kxh3 a1=Q 66. Kxg2 Qg7+ 67. Kf2 Qg4 68. Ke3 Qf3+ 69. Kd4 Qxf4 70. Rb6+ Kc2 71. Rc6+ Kd2 72. Ra6 e3+ 73. Kd5 Qe4+ 74. Kc5 e2 0-1


[Site "https://www.chess.com"]

[Event "Titled Tuesday Blitz August 08 Late 2023"]
[White "Zhigalko, Sergei"]
[Black "Ambartsumova, Karina"]
[WhiteFideId "13502956"]
[BlackFideId "4166299"]
[WhiteElo "2896"]
[BlackElo "2569"]
[Result "0-1"]
[Round "2"]
[TimeControl "180+1"]
[Date "2023.08.08"]
[WhiteClock "0:00:00"]
[BlackClock "0:00:04"]
[Board "25"]

1. e4 c5 2. c3 d5 3. exd5 Qxd5 4. d4 Nc6 5. Nf3 Bf5 6. Be3 cxd4 7. Nxd4 Nxd4 8. cxd4 Nf6 9. Nc3 Qa5 10. Qb3 b6 11. Bb5+ Bd7 12. O-O e6 13. d5 Bxb5 14. Nxb5 Nxd5 15. Rfd1 Rc8 16. Bd2 Qa6 17. Bg5 Bc5 18. Rxd5 exd5 19. Re1+ Kf8 20. h4 h6 21. Bf4 Kg8 22. h5 Qb7 23. Qg3 Kh7 24. Qd3+ g6 25. Re6 Rhg8 26. hxg6+ fxg6 27. Qh3 h5 28. Re5 Rce8 29. Rxh5+ gxh5 30. Qxh5+ Kg7 31. Bh6+ Kf6 32. Qh4+ Ke6 33. Nc3 d4 34. Ne4 Qd5 0-1


[Site "https://www.chess.com"]

[Event "Titled Tuesday Blitz August 08 Late 2023"]
[White "Pert, Richard G"]
[Black "Khanin, Semen"]
[WhiteFideId "404748"]
[BlackFideId "4111990"]
[WhiteElo "2567"]
[BlackElo "2893"]
[Result "1-0"]
[Round "2"]
[TimeControl "180+1"]
[Date "2023.08.08"]
[WhiteClock "0:00:15"]
[BlackClock "0:00:14"]
[Board "26"]

1. d4 Nf6 2. Bg5 d5 3. Bxf6 gxf6 4. c4 e6 5. e3 dxc4 6. Bxc4 c5 7. Ne2 Nc6 8. O-O cxd4 9. exd4 Bg7 10. Nbc3 O-O 11. d5 Ne5 12. Bb3 f5 13. Ng3 Ng4 14. h3 Nf6 15. Nh5 Nxh5 16. Qxh5 Qf6 17. Rad1 Rd8 18. Rfe1 Bd7 19. Re3 e5 20. Rg3 f4 21. Rg5 Kf8 22. d6 Be6 23. Ne4 Qh6 24. Bxe6 fxe6 25. Qg4 Rac8 26. Rh5 Qg6 27. Ng5 Kg8 28. Qxe6+ Qxe6 29. Nxe6 Rd7 30. Nxg7 Kxg7 31. Rxe5 Kf6 32. Re4 Kf5 33. Re7 Rcd8 34. Rxd7 Rxd7 35. Kf1 Ke5 36. Ke2 Ke4 37. Rd2 h5 38. h4 b5 39. b4 a6 40. a3 Kf5 41. Kf3 Ke5 42. Rd1 Ke6 43. Kxf4 Rf7+ 44. Kg5 Kd7 45. f3 Rg7+ 46. Kxh5 Rxg2 47. f4 Rg3 48. f5 Rxa3 49. Kg6 Rg3+ 50. Kf6 Rg4 51. h5 Rxb4 52. h6 Rh4 53. Kg7 Rg4+ 54. Kf7 Rh4 55. Kg6 Rg4+ 56. Kf6 Rh4 57. Kg5 Rh2 58. f6 b4 59. f7 Rg2+ 60. Kf6 Rf2+ 61. Kg7 a5 62. f8=Q Rxf8 63. Kxf8 b3 64. h7 a4 65. h8=Q a3 66. Qg7+ 1-0


[Site "https://www.chess.com"]

[Event "Titled Tuesday Blitz August 08 Late 2023"]
[White "Mendez Fortes, Eduardo Jesus"]
[Black "Tahbaz, Arash"]
[WhiteFideId "3502376"]
[BlackFideId "12528846"]
[WhiteElo "2564"]
[BlackElo "2887"]
[Result "0-1"]
[Round "2"]
[TimeControl "180+1"]
[Date "2023.08.08"]
[WhiteClock "0:00:34"]
[BlackClock "0:00:47"]
[Board "27"]

1. e4 g6 2. d4 Bg7 3. Nc3 d6 4. f4 Nf6 5. Nf3 O-O 6. Bd3 Nc6 7. O-O Bg4 8. Be3 e5 9. fxe5 dxe5 10. d5 Nd4 11. Be2 Nxe2+ 12. Qxe2 Ne8 13. h3 Bxf3 14. Rxf3 Nd6 15. Nb5 Nxe4 16. Bxa7 Ng5 17. Rc3 e4 18. Rxc7 Rxa7 19. h4 Ra5 20. Rc5 Qb6 21. Qc4 Rc8 22. b4 Bxa1 23. a4 Rxa4 24. Kh1 Rxc5 0-1


[Site "https://www.chess.com"]

[Event "Titled Tuesday Blitz August 08 Late 2023"]
[White "Holt, Conrad"]
[Black "Slaby, Jerzy"]
[WhiteFideId "2034387"]
[BlackFideId "1121405"]
[WhiteElo "2887"]
[BlackElo "2564"]
[Result "1-0"]
[Round "2"]
[TimeControl "180+1"]
[Date "2023.08.08"]
[WhiteClock "0:01:54"]
[BlackClock "0:01:03"]
[Board "28"]

1. d4 d6 2. Nf3 Nf6 3. c4 g6 4. Nc3 Bg7 5. e4 O-O 6. h3 e5 7. dxe5 dxe5 8. Qxd8 Rxd8 9. Bg5 Re8 10. Nd5 Nxd5 11. cxd5 c6 12. Bc4 b5 13. Bb3 Bb7 14. Rc1 h6 15. Be3 Rc8 16. O-O Nd7 17. dxc6 Rxc6 18. Rcd1 Nb6 19. Bxb6 Rxb6 20. Rd7 Rf8 21. Rc1 Bxe4 22. Rcc7 Bxf3 23. Bxf7+ Kh8 24. gxf3 a5 25. Bd5 1-0


[Site "https://www.chess.com"]

[Event "Titled Tuesday Blitz August 08 Late 2023"]
[White "Bilan, Danila"]
[Black "Aravindh, Chithambaram VR."]
[WhiteFideId "24161918"]
[BlackFideId "5072786"]
[WhiteElo "2563"]
[BlackElo "2881"]
[Result "1-0"]
[Round "2"]
[TimeControl "180+1"]
[Date "2023.08.08"]
[WhiteClock "0:00:14"]
[BlackClock "0:00:00"]
[Board "29"]

1. d4 Nf6 2. Nf3 g6 3. Bg5 Bg7 4. c3 O-O 5. Nbd2 d6 6. e4 Nbd7 7. Qc2 e5 8. dxe5 dxe5 9. Bc4 h6 10. Bh4 Qe8 11. O-O Nh5 12. a4 a5 13. Rfe1 g5 14. Bg3 Nf4 15. Nf1 Nf6 16. Ne3 Kh8 17. Nf5 Bxf5 18. exf5 e4 19. Nd2 Qe5 20. Nxe4 Qxf5 21. Bxf4 Qxf4 22. Nxf6 Qxf6 23. Rad1 Rae8 24. Ba2 b6 25. Bb1 Rxe1+ 26. Rxe1 Qg6 27. Qxg6 fxg6 28. Bxg6 Bf6 29. g3 Rd8 30. Re2 Kg7 31. Bc2 c6 32. Be4 Rd6 33. c4 Bd4 34. b3 Kf6 35. Kg2 Bc5 36. g4 Re6 37. h3 Rd6 38. Bf5 Kf7 39. Kf3 Bd4 40. Kg3 Bc3 41. h4 Kf6 42. h5 Be5+ 43. Kg2 Rd4 44. Be4 Ke6 45. Kf3 Kd6 46. Bf5 Rf4+ 47. Kg2 Rd4 48. Re3 Rd2 49. Kf3 1-0


[Site "https://www.chess.com"]

[Event "Titled Tuesday Blitz August 08 Late 2023"]
[White "Isanzhulov, Arystan"]
[Black "Di Nicolantonio, Lucas"]
[WhiteFideId "13711644"]
[BlackFideId "680460"]
[WhiteElo "2874"]
[BlackElo "2561"]
[Result "1-0"]
[Round "2"]
[TimeControl "180+1"]
[Date "2023.08.08"]
[WhiteClock "0:00:10"]
[BlackClock "0:00:03"]
[Board "30"]

1. a3 g6 2. g3 Bg7 3. Bg2 Nf6 4. Nf3 O-O 5. O-O d5 6. d4 Ne4 7. Nbd2 c5 8. e3 Nc6 9. c3 Bf5 10. Nh4 Nxd2 11. Bxd2 Bd3 12. Re1 c4 13. e4 dxe4 14. Bxe4 Bxe4 15. Rxe4 e6 16. Nf3 Qd5 17. Rh4 b5 18. Bh6 Ne7 19. Bxg7 Kxg7 20. Qe2 Nf5 21. Re4 h5 22. Re1 a6 23. Re5 Qd7 24. Qd2 Rfe8 25. Qf4 Rad8 26. Ng5 Kg8 27. Ne4 Qe7 28. Rc5 Kg7 29. Rc7 e5 30. Qxe5+ Qxe5 31. dxe5 Rxe5 32. f4 Re6 33. Rxf7+ Kg8 34. Ra7 Nd6 35. Rxa6 Rxe4 36. Rd1 Re6 37. Kg2 Kf7 38. Rd2 Ke7 39. Rb6 Re3 40. Kf2 Rd3 41. Re2+ Kf7 42. Kg2 Rd7 43. Rb8 h4 44. Rb6 hxg3 45. hxg3 Nf5 46. g4 Nh4+ 47. Kh2 Rf3 48. Rxb5 Rxf4 49. Kg3 g5 50. Rxg5 Rf3+ 51. Kxh4 Rdd3 52. Rh5 Kg6 53. Re6+ Kf7 54. Rb6 Rh3+ 55. Kg5 Rhe3 56. Rh7+ Kg8 57. Rc7 Re5+ 58. Kf6 Re8 59. Kg6 Rdd8 60. g5 Kh8 61. Rh7+ Kg8 62. Kh6 Rd5 63. Rg7+ Kh8 64. Rbg6 Rf8 65. Rh7# 1-0


[Site "https://www.chess.com"]

[Event "Titled Tuesday Blitz August 08 Late 2023"]
[White "Graif, William"]
[Black "Perez Ponsa, Federico"]
[WhiteFideId "2609835"]
[BlackFideId "117927"]
[WhiteElo "2560"]
[BlackElo "2868"]
[Result "0-1"]
[Round "2"]
[TimeControl "180+1"]
[Date "2023.08.08"]
[WhiteClock "0:00:04"]
[BlackClock "0:01:54"]
[Board "31"]

1. e4 c5 2. Nc3 Nc6 3. Bb5 Nd4 4. Nf3 a6 5. Bd3 g6 6. Nxd4 cxd4 7. Ne2 Bg7 8. c3 d5 9. Nxd4 e5 10. Ne2 Nf6 11. O-O dxe4 12. Bxe4 Nxe4 13. Qa4+ Bd7 14. Qxe4 Bc6 15. Qe3 O-O 16. d4 Re8 17. Qd2 Qh4 18. d5 Rad8 19. Qg5 Qxg5 20. Bxg5 Rxd5 21. Rad1 f6 22. Be3 Red8 23. Rxd5 Rxd5 24. Rc1 f5 25. f3 f4 26. Bf2 Rd2 27. Kf1 Rxb2 28. Rd1 Bb5 29. Re1 Rxa2 0-1


[Site "https://www.chess.com"]

[Event "Titled Tuesday Blitz August 08 Late 2023"]
[White "Henriquez Villagra, Cristobal"]
[Black "Adan Bermudez, Sergio"]
[WhiteFideId "3409350"]
[BlackFideId "2292726"]
[WhiteElo "2862"]
[BlackElo "2558"]
[Result "0-1"]
[Round "2"]
[TimeControl "180+1"]
[Date "2023.08.08"]
[WhiteClock "0:00:00"]
[BlackClock "0:00:42"]
[Board "32"]

1. e4 d6 2. d4 Nf6 3. Nc3 e5 4. Nf3 Nbd7 5. Bc4 h6 6. dxe5 dxe5 7. Bxf7+ Kxf7 8. Nxe5+ Kg8 9. Ng6 Rh7 10. O-O Qe8 11. Nxf8 Nxf8 12. f4 Bg4 13. Qe1 Qh5 14. e5 N6d7 15. h3 Be6 16. Be3 g6 17. Ne4 Rf7 18. Rd1 Re8 19. b3 Qf5 20. Bc1 g5 21. g4 Qg6 22. f5 Bxf5 23. gxf5 Rxf5 24. Bb2 Rxf1+ 25. Kxf1 Qf5+ 26. Kg2 Nxe5 27. Qe2 Nfg6 28. Ng3 Nf4+ 29. Kh1 Qxh3+ 30. Qh2 Qxh2+ 31. Kxh2 Ng4+ 32. Kh1 Re3 33. Nf5 Nf2+ 34. Kg1 Nxd1 0-1


[Site "https://www.chess.com"]

[Event "Titled Tuesday Blitz August 08 Late 2023"]
[White "Shapiro, Viktor"]
[Black "Harshavardhan G B"]
[WhiteFideId "4175700"]
[BlackFideId "25059009"]
[WhiteElo "2556"]
[BlackElo "2859"]
[Result "1-0"]
[Round "2"]
[TimeControl "180+1"]
[Date "2023.08.08"]
[WhiteClock "0:00:18"]
[BlackClock "0:00:12"]
[Board "33"]

1. c4 Nf6 2. Nc3 e5 3. g3 d5 4. cxd5 Nxd5 5. Bg2 Nb6 6. Nf3 Nc6 7. O-O Be7 8. a3 g5 9. d3 g4 10. Nd2 h5 11. b4 h4 12. Bb2 f6 13. Nce4 Be6 14. Rc1 Qd7 15. Nc5 Bxc5 16. Rxc5 Bd5 17. Ne4 Qe7 18. Qc2 f5 19. b5 fxe4 20. dxe4 Bb3 21. Qxb3 Qxc5 22. bxc6 O-O-O 23. Qe6+ Kb8 24. Qxe5 Qxc6 25. Rc1 Qd7 26. Qf5 Qd2 27. Qc5 Rh7 28. Be5 Rc8 29. Qc2 Qxc2 30. Rxc2 h3 31. Bf1 Re7 32. Bf4 Rxe4 33. f3 gxf3 34. exf3 Re1 35. Kf2 Ra1 36. Bxh3 Rxa3 37. Bxc8 Kxc8 38. Bxc7 Kd7 39. Bxb6 axb6 40. Rb2 Kc6 41. h4 b5 42. h5 Kc5 43. g4 b4 44. h6 Kc4 45. g5 Ra8 46. g6 Kc3 47. Rxb4 Kxb4 48. g7 Rg8 49. h7 Rxg7 50. h8=Q Rd7 51. Qc8 Rf7 52. Qe8 Rc7 53. Qd8 Rc6 54. Qd4+ Kb5 55. Qd5+ Ka6 56. f4 Rc2+ 57. Ke3 b5 58. f5 Rc7 59. f6 Ka5 60. Qd8 Kb6 61. f7 1-0


[Site "https://www.chess.com"]

[Event "Titled Tuesday Blitz August 08 Late 2023"]
[White "Santos Flores, Alberto"]
[Black "Ibarra Jerez, Jose Carlos"]
[WhiteFideId "3601234"]
[BlackFideId "2226332"]
[WhiteElo "2556"]
[BlackElo "2857"]
[Result "0-1"]
[Round "2"]
[TimeControl "180+1"]
[Date "2023.08.08"]
[WhiteClock "0:00:00"]
[BlackClock "0:00:12"]
[Board "34"]

1. e4 Nc6 2. Nf3 d6 3. d4 Nf6 4. Nc3 g6 5. Be3 Bg7 6. Qd2 Ng4 7. Bg5 h6 8. Bh4 a6 9. h3 Nf6 10. O-O-O b5 11. Bd3 Bb7 12. e5 b4 13. Ne2 Nd5 14. e6 fxe6 15. Bxg6+ Kd7 16. Rhe1 Qg8 17. Bd3 Rf8 18. Bg3 h5 19. h4 Rxf3 20. gxf3 Qf7 21. f4 Nxd4 22. Nxd4 Bxd4 23. Bb5+ axb5 24. Qxd4 Ra8 25. Kb1 c5 26. Qd2 e5 27. a3 Rxa3 28. bxa3 Nc3+ 29. Kc1 Qa2 30. Qd3 e4 31. Qe3 Qxa3+ 32. Kd2 Qb2 0-1


[Site "https://www.chess.com"]

[Event "Titled Tuesday Blitz August 08 Late 2023"]
[White "Donchenko, Alexander"]
[Black "Zirkelbach, Maj"]
[WhiteFideId "24603295"]
[BlackFideId "14613395"]
[WhiteElo "2846"]
[BlackElo "2555"]
[Result "0-1"]
[Round "2"]
[TimeControl "180+1"]
[Date "2023.08.08"]
[WhiteClock "0:00:08"]
[BlackClock "0:00:08"]
[Board "35"]

1. d4 Nf6 2. Nf3 d5 3. c4 e6 4. g3 Bb4+ 5. Bd2 Be7 6. Bg2 O-O 7. O-O c6 8. b4 dxc4 9. Qc2 b5 10. e4 Bb7 11. Bc3 h6 12. Nbd2 Nbd7 13. Rad1 Qc7 14. h4 Rfd8 15. Rfe1 a5 16. a3 axb4 17. Bxb4 Bxb4 18. axb4 Ra4 19. Qc3 Rda8 20. Rb1 e5 21. dxe5 Ng4 22. e6 fxe6 23. Bh3 Nde5 24. Nd4 Qf7 25. f3 Ra3 26. Qc2 Rd3 27. fxg4 Rxd4 28. Rf1 Rxd2 29. Qxd2 Nf3+ 30. Rxf3 Qxf3 31. Qf4 Rf8 32. Qc7 Qxe4 33. Rf1 c5 34. Rxf8+ Kxf8 35. Qxc5+ Kf7 36. Qf2+ Ke8 37. Qb6 Qh1+ 38. Kf2 Qh2+ 39. Ke1 Qxg3+ 40. Kd2 Qh2+ 41. Kc3 Qxh3+ 42. Kd4 Qd3+ 43. Ke5 Qd5+ 44. Kf4 Qe4+ 45. Kg3 Qf3+ 46. Kh2 Qg2# 0-1


[Site "https://www.chess.com"]

[Event "Titled Tuesday Blitz August 08 Late 2023"]
[White "Keleberda, Tymur"]
[Black "Rasulov, Vugar"]
[WhiteFideId "14174294"]
[BlackFideId "13402390"]
[WhiteElo "2554"]
[BlackElo "2846"]
[Result "0-1"]
[Round "2"]
[TimeControl "180+1"]
[Date "2023.08.08"]
[WhiteClock "0:01:03"]
[BlackClock "0:02:01"]
[Board "36"]

1. e4 c5 2. Nf3 Nc6 3. Bb5 e6 4. c3 Nf6 5. Qe2 d5 6. exd5 Nxd5 7. d4 cxd4 8. Nxd4 Bd7 9. Nxc6 bxc6 10. Bd3 Bd6 11. Be4 O-O 12. g3 f5 13. Bf3 e5 14. O-O e4 15. Bg2 Qe7 16. Nd2 Nb6 17. f3 e3 18. Nb3 f4 19. gxf4 Bxf4 20. Bd2 Qh4 21. Rfd1 Qxh2+ 22. Kf1 exd2 23. Nxd2 Rae8 24. Ne4 Bh3 25. c4 Qh1+ 0-1


[Site "https://www.chess.com"]

[Event "Titled Tuesday Blitz August 08 Late 2023"]
[White "Ozen, Deniz"]
[Black "Moral Garcia, Serafin"]
[WhiteFideId "6349196"]
[BlackFideId "2201925"]
[WhiteElo "2845"]
[BlackElo "2554"]
[Result "1/2-1/2"]
[Round "2"]
[TimeControl "180+1"]
[Date "2023.08.08"]
[WhiteClock "0:01:00"]
[BlackClock "0:01:12"]
[Board "37"]

1. Nf3 Nf6 2. d4 g6 3. Nbd2 d5 4. g3 Bg7 5. Bg2 O-O 6. O-O c5 7. c3 Nbd7 8. Re1 b6 9. e4 dxe4 10. Ng5 cxd4 11. Ngxe4 Nxe4 12. Nxe4 Bb7 13. cxd4 Bxe4 14. Bxe4 Rc8 15. Be3 Nf6 16. Bg2 Nd5 17. Bd2 Qd7 18. Qb3 e6 19. Rad1 Rfd8 20. Bg5 Bf6 21. Bxd5 Bxg5 22. Bg2 Bf6 23. d5 exd5 24. Bxd5 Qc7 25. Kg2 Kg7 26. h4 h5 27. a4 Re8 28. Rxe8 Rxe8 29. Bf3 Qe5 30. Rd7 Re7 31. Rxe7 Qxe7 32. Qc2 Qc5 33. Qe2 Qe5 34. Qxe5 Bxe5 35. b3 Bd4 36. Bd5 Kf6 37. Bc4 a5 38. Kf3 Bc5 39. Ke2 Ke7 40. Ke1 Kf6 41. Kf1 Kg7 42. Kg2 Kf6 43. f3 Bd6 44. Kh3 Kg7 45. Bd5 f6 46. Be4 f5 47. Bc6 Kf6 48. Be8 Be5 49. Kg2 Bd6 50. Kf2 Be5 51. Kg2 Bd6 52. Kh3 Be5 53. g4 fxg4+ 54. fxg4 hxg4+ 55. Kxg4 Bd4 56. Bb5 Bf2 57. Bd3 Be1 58. Bc2 Bf2 59. Bd3 Be1 60. Be4 Bf2 61. Bf3 Be1 62. Bg2 Bf2 63. Bf1 Be1 64. Ba6 Bf2 65. Bb7 Be1 66. Bc6 Bf2 67. Bd7 Be1 68. Be8 Bf2 69. Kh3 Be1 70. Bb5 Bf2 71. Bc4 Be1 72. Bd3 Bf2 73. Bc2 Be1 74. Bb1 Bf2 75. Kg4 Be1 76. Bc2 Bf2 77. Bd1 Be1 78. Be2 Bf2 79. Ba6 Be1 80. Bb7 Bf2 81. Bc8 Be1 82. Bd7 Bf2 83. Be8 Be1 84. h5 gxh5+ 85. Bxh5 Ke5 86. Bf7 Kd6 87. Kf5 Kc5 88. Bc4 Bb4 89. Ke6 Ba3 90. Ke5 Bb4 91. Ke4 Ba3 92. Kd3 Bb4 93. Bb5 Ba3 94. Kc2 Bb4 95. Kb2 Be1 96. Kb1 Bh4 97. Bc4 Bg5 98. Kc2 Bf6 99. Kd3 Bg7 100. Ke4 Bf6 101. Kf5 Bb2 102. Ke6 Ba1 103. Kd7 Bc3 104. Ke6 Ba1 105. Kf5 Bc3 106. Ke4 Ba1 107. Kd3 Bh8 108. Bg8 Bg7 109. Kc2 Bh8 1/2-1/2


[Site "https://www.chess.com"]

[Event "Titled Tuesday Blitz August 08 Late 2023"]
[White "Cremisi, Daniel"]
[Black "Kravtsiv, Martyn"]
[WhiteFideId "2089882"]
[BlackFideId "14113147"]
[WhiteElo "2553"]
[BlackElo "2844"]
[Result "1-0"]
[Round "2"]
[TimeControl "180+1"]
[Date "2023.08.08"]
[WhiteClock "0:01:08"]
[BlackClock "0:00:07"]
[Board "38"]

1. d4 d5 2. c4 e6 3. Nc3 Bb4 4. Qb3 Nc6 5. Nf3 Nf6 6. Bg5 a5 7. cxd5 a4 8. Qc2 exd5 9. e3 a3 10. b3 Ne4 11. Bxd8 Bxc3+ 12. Kd1 Nb4 13. Qc1 Kxd8 14. Ng5 Bxa1 15. Nxe4 dxe4 16. Qxa1 c6 17. Kd2 Ke7 18. Be2 Bd7 19. Rc1 b5 20. Rc5 Rhe8 21. d5 cxd5 22. Qxg7 Rac8 23. Qe5+ Kd8 24. Qf6+ Re7 25. Qb6+ Ke8 26. Rxc8+ Bxc8 27. Qxb5+ 1-0


[Site "https://www.chess.com"]

[Event "Titled Tuesday Blitz August 08 Late 2023"]
[White "Rustemov, Alexander"]
[Black "Hansen, Torbjorn Ringdal"]
[WhiteFideId "4119002"]
[BlackFideId "1501720"]
[WhiteElo "2839"]
[BlackElo "2546"]
[Result "1-0"]
[Round "2"]
[TimeControl "180+1"]
[Date "2023.08.08"]
[WhiteClock "0:01:55"]
[BlackClock "0:01:45"]
[Board "39"]

1. d4 Nf6 2. c4 e6 3. Nf3 Bb4+ 4. Bd2 Qe7 5. g3 Nc6 6. Nc3 Bxc3 7. Bxc3 Ne4 8. Qc2 Nxc3 9. Qxc3 d6 10. d5 exd5 11. Qxg7 Rf8 12. cxd5 Nb4 13. Qxh7 Qf6 14. Qe4+ 1-0


[Site "https://www.chess.com"]

[Event "Titled Tuesday Blitz August 08 Late 2023"]
[White "Richter, Paul"]
[Black "Gadimbayli, Abdulla"]
[WhiteFideId "2046350"]
[BlackFideId "13404938"]
[WhiteElo "2544"]
[BlackElo "2838"]
[Result "0-1"]
[Round "2"]
[TimeControl "180+1"]
[Date "2023.08.08"]
[WhiteClock "0:01:21"]
[BlackClock "0:02:24"]
[Board "40"]

1. e4 e5 2. Nf3 d5 3. Nxe5 Bd6 4. d4 dxe4 5. Nc4 Nf6 6. Nc3 O-O 7. Nxd6 Qxd6 8. Be3 Nc6 9. Qd2 Rd8 10. O-O-O a6 11. h3 b5 12. g4 b4 13. Na4 Be6 14. b3 Bd5 15. g5 Nd7 16. Bf4 Qe7 17. h4 e3 18. Qxe3 Qxe3+ 19. fxe3 Bxh1 20. Bxc7 Rdc8 0-1


[Site "https://www.chess.com"]